cohdb
Replays
Latest Replays
All Replays
Popular Replays
Top Player Replays
Match Explorer
How It Works
Community
CoH3 Stats
Reddit
Sign in to upload your games and track your stats! →
Sign in with Steam
ZTT001 vs DOGE M1340 vs E8
Match 16569261
Overview
Messages
Build Orders
End
Construct Barracks
Selects Armored Battlegroup
Selects Fast Deploy
Selects Veteran Crews
1⁄4-ton 4x4 Truck
1⁄4-ton 4x4 Truck
Riflemen Squad
Riflemen Squad
Grenade Package
Infantry Support Center
Riflemen Squad
Construct Motor Pool
M1918 Browning Automatic Rifles
M1 Anti-tank Gun Team
Construct Medical Station
Munitions Surplus
Construct Weapon Support Center
Riflemen Squad
Selects Seek and Destroy
Demolitions Package
M1919 Machine Gun Team
Advanced Logistics
M1 Anti-tank Gun Team
Survival Training
Riflemen Squad
Selects M4A3E8 Sherman Combat Group
M4A3E8 Sherman Combat Group
M24 Chaffee Light Tank
M1 Anti-tank Gun Team
M4A3E8 Sherman Combat Group
M1 Anti-tank Gun Team
M4A3E8 Sherman Combat Group
M24 Chaffee Light Tank
Doge
天师傅
0
0
Comments
sign in to comment!
No comments posted yet!